 Dungeon Crawl Stone Soup version 0.27-a0-686-gaed091b46b (webtiles) character file.

Game seed: 9066888383609985869

1697 TheZingThing the Skirmisher (level 8, -4/111 HPs)
             Began as a Minotaur Berserker on Mar 20, 2021.
             Was a Priest of Trog.
             Slain by an orc warrior
             ... wielding a +0 glaive
              (15 damage)
             ... on level 6 of the Dungeon.
             The game lasted 00:40:34 (8145 turns).

TheZingThing the Skirmisher (Minotaur Berserker)    Turns: 8145, Time: 00:40:37

Health: -4/111     AC: 24    Str: 24    XL:     8   Next: 72%
Magic:  7/7        EV:  2    Int:  4    God:    Trog [***...]
Gold:   203        SH:  0    Dex: 10    Spells: 7/7 levels left

rFire    . . .     SeeInvis .   p - +0 battleaxe (elec)
rCold    . . .     Faith    .   (shield currently unavailable)
rNeg     + + +     Spirit   .   (armour currently unavailable)
rPois    +         Reflect  .   (helmet currently unavailable)
rElec    .         Harm     .   (cloak currently unavailable)
rCorr    .         Rampage  .   (gloves currently unavailable)
Will     .....     NoTele   +   (boots currently unavailable)
Stlth    +.........             (no amulet)
HPRegen  0.28/turn              (no ring)
MPRegen  0.10/turn              (no ring)

@: brilliant, tree-form (expiring), berserk cooldown, slowed, very slow
A: stationary, stasis, torment immunity, boosted hp, (horns 2), (retaliatory
headbutt)
a: Renounce Religion, Berserk, Trog's Hand


You were on level 6 of the Dungeon.
You worshipped Trog.
Trog was most pleased with you.
You were a tree.
You visited 1 branch of the dungeon, and saw 6 of its levels.

You collected 457 gold pieces.
You spent 254 gold pieces at shops.

Inventory:

Hand Weapons
 a - a +0 falchion
 j - a +3 short sword
 p - a +0 battleaxe of electrocution (weapon)
 q - a +4 trident
 v - a +2 dagger of holy wrath
 E - a +6 dire flail
Missiles
 f - 130 stones
 g - 10 sling bullets
 m - a boomerang (quivered)
 n - 89 arrows
Armour
 b - a +0 animal skin
 e - a +0 ring mail
 k - a +0 chain mail (melded)
 l - a +0 pair of gloves (melded)
Jewellery
 B - a ring of see invisible
Wands
 A - a wand of flame (27)
Scrolls
 c - a scroll of random uselessness
 d - 3 scrolls of teleportation
 h - 4 scrolls of identify
 i - 3 scrolls of fog {unknown}
 o - 3 scrolls of magic mapping {unknown}
 r - a scroll of silence {unknown}
 t - a scroll of torment {unknown}
 u - a scroll of fear {unknown}
 y - 2 scrolls of holy word {unknown}
 C - a scroll of immolation {unknown}
Potions
 s - a potion of lignification


   Skills:
 + Level 7.7 Fighting
 - Level 6.6 Long Blades
 + Level 3.4 Axes
 + Level 7.0 Armour
 + Level 6.4 Dodging


You had 7 spell levels left.
You didn't know any spells.
Your spell library was empty.

Dungeon Overview and Level Annotations

Branches:
Dungeon (6/15)             Temple (0/1) D:4

Altars:
Fedhas
Gozag
Qazlal
Vehumet
Xom

Shops:
D:4 *([[

Annotations:
D:3 Terence


Innate Abilities, Weirdness & Mutations

You are a tree.
Your roots penetrate the ground, keeping you stationary.
You cannot be teleported.
You are immune to unholy pain and torment.
Your maximum health is greatly increased.
Your equipment is partially melded.
((You have a pair of horns on your head.))
((You reflexively headbutt those who attack you in melee.))


Message History

You are too injured to fight recklessly!
You are too injured to fight recklessly!
You are too injured to fight recklessly!
You are too injured to fight recklessly!
You are too injured to fight recklessly!
The orc warrior hits you but does no damage.
The orc wizard points at you and mumbles some strange words.
You are confused.
The orc warrior hits you but does no damage.
The orc wizard gestures at itself while chanting.
The orc wizard flickers and vanishes!
Deactivating autopickup; reactivate with Ctrl-A.
The orc warrior hits you but does no damage.
Something hits you but does no damage.
The orc warrior hits you but does no damage.
You hear some strange, mumbled words.
A magic dart appears from out of thin air!
The magic dart hits you but does no damage.
The orc warrior hits you but does no damage.
Something hits you.
The orc warrior hits you from afar with a +0 glaive!
* * * LOW HITPOINT WARNING * * *
Something hits you but does no damage.
You feel less confused.
The orc warrior hits you but does no damage.
Something hits you.
* * * LOW HITPOINT WARNING * * *
The orc warrior hits you from afar with a +0 glaive.
* * * LOW HITPOINT WARNING * * *
Something hits you but does no damage.
Your transformation is almost over.
The orc warrior hits you but does no damage.
Something hits you but does no damage.
The orc warrior hits you from afar with a +0 glaive.
* * * LOW HITPOINT WARNING * * *
You hear some strange, mumbled words.
A magic dart appears from out of thin air!
The magic dart hits you but does no damage.
The orc warrior hits you from afar with a +0 glaive!
You die...

### ##...## ##.##. #.#
##...## #..##
#.#######...### #...#
#.............#### ##..)
#.####.#####.....#####..
### #...## ####.....##..
##..o.## ####......
#....[.## ###.##...
#..{♣...# #....#...
#.......# ##....##..
#.......# #......#..
##......# #......#..
#.....## ##......#.
#....## ##....##. ##.###
##...### ### ##..# #
##.# #


You could see an orc warrior.

Vanquished Creatures
  Sigmund (D:5)
  The ghost of emiel the Sneak, an amateur OpWn (D:6)
  A sky beast (D:5)
  An ice beast (D:5)
  3 ogres (D:6)
  2 phantoms (D:4)
  Blork the orc (D:5)
  A bullfrog (D:6)
  2 bullfrog skeletons
  3 hounds (D:6)
  An orc priest (D:6)
  A gnoll shaman (D:5)
  A worker ant (D:5)
  3 orc wizards
  A killer bee zombie (D:6)
  A hound zombie (D:5)
  5 gnolls (D:5)
  4 adders
  2 white imps
  3 ufetubi
  An ooze (D:3)
  2 adder skeletons (D:4)
  7 worms
  2 dart slugs
  A leopard gecko (D:5)
  24 orcs
  5 giant cockroaches
  12 goblins
  7 hobgoblins
  7 jackals
  11 kobolds
  2 quokkas
  A ball python (D:3)
  9 bats
  5 frilled lizards
  A leopard gecko zombie (D:5)
  A rat (D:2)
136 creatures vanquished.

Vanquished Creatures (collateral kills)
  A centaur (D:6)
  A shadow imp (D:6)
  An orc (D:6)
3 creatures vanquished.

Vanquished Creatures (others)
  29 plants (D:2)
29 creatures vanquished.

Grand Total: 168 creatures vanquished

Notes
Turn   | Place    | Note
-------+----------+-------------------------------------------
     0 | D:1      | TheZingThing the Minotaur Berserker began the quest for the
                  | Orb.
     0 | D:1      | Reached XP level 1. HP: 19/19 MP: 0/0
   369 | D:1      | Reached XP level 2. HP: 26/27 MP: 1/1
  1400 | D:2      | Reached XP level 3. HP: 29/33 MP: 2/2
  1466 | D:2      | Reached ** piety under Trog
  1652 | D:2      | Found a faded altar of an unknown god.
  1779 | D:2      | Found a shimmering altar of Xom.
  1779 | D:2      | Found an opulent altar of Gozag.
  2396 | D:3      | Reached XP level 4. HP: 41/41 MP: 3/3
  2534 | D:3      | Noticed Terence
  3491 | D:4      | Reached XP level 5. HP: 43/47 MP: 4/4
  3682 | D:4      | Found a staircase to the Ecumenical Temple.
  3685 | D:4      | Noticed a phantom
  3706 | D:4      | Killed a phantom
  3707 | D:4      | Reached skill level 5 in Fighting
  3707 | D:4      | Reached skill level 5 in Long Blades
  3805 | D:4      | Found Yhiab's Weapon Emporium.
  3882 | D:4      | Found Runnaih's Armour Emporium.
  3900 | D:4      | Found Geujek's Antique Armour Shop.
  4019 | D:4      | Noticed a phantom
  4023 | D:4      | Killed a phantom
  4024 | D:4      | Reached XP level 6. HP: 56/56 MP: 5/5
  4060 | D:4      | Found a stormy altar of Qazlal.
  4216 | D:4      | Found Manef's General Store.
  4690 | D:4      | Bought a +0 battleaxe of electrocution for 254 gold pieces
  4696 | D:5      | Entered Level 5 of the Dungeon
  4705 | D:5      | Found a blossoming altar of Fedhas.
  4821 | D:5      | Noticed a sky beast
  4878 | D:5      | Noticed an ice beast
  4884 | D:5      | Killed an ice beast
  5058 | D:5      | Reached *** piety under Trog
  5059 | D:5      | Reached XP level 7. HP: 62/62 MP: 6/6
  5120 | D:5      | Noticed Blork the orc
  5126 | D:5      | Killed Blork the orc
  5127 | D:5      | Reached skill level 5 in Armour
  5444 | D:5      | Noticed Sigmund
  5456 | D:5      | Killed Sigmund
  5457 | D:5      | Reached skill level 5 in Dodging
  5766 | D:5      | Found a radiant altar of Vehumet.
  6441 | D:6      | Reached skill level 1 in Axes
  6441 | D:6      | Reached XP level 8. HP: 67/71 MP: 7/7
  6823 | D:6      | Reached **** piety under Trog
  7111 | D:6      | Noticed emiel's ghost (amateur OpWn)
  7112 | D:6      | Found a transporter.
  7435 | D:6      | Found a transporter.
  7455 | D:6      | Killed emiel's ghost
  8145 | D:6      | Slain by an orc warrior

Illustrated notes

Levels and vault maps discovered:
D:1:      kilobyte_arrival_exit_the_forest, layout_rooms
D:2:      layout_basic, gammafunk_temple_overflow_wave,
          chequers_ecumenical_altar_simple_redux, serial_bayou,
          serial_bayou_shore_a, serial_bayou_lagoon_b, serial_bayou_lake_a,
          serial_bayou_ford_a
D:3:      minmay_evil_eye, layout_basic, uniq_terence
D:4:      layout_layer_cave, grunt_qazlal_clouds,
          minmay_temple_entry_stoned_glass, serial_shops, nicolae_shop_crystal,
          shop, shop, kennysheep_mini
D:5:      layout_loops_ring, overflow_temple_1_default, fedhas_altar_2,
          uniq_blork_the_orc, uniq_sigmund
D:6:      kennysheep_big_flooded_room, layout_cave_pods, gammafunk_ghost_smash,
          minmay_ogre_servants

Skill      XL: |  1  2  3  4  5  6  7  8 |
---------------+-------------------------+-----
Fighting       | 4 5 6 7 |  7.7
Long Blades    | 4 5 6 |  6.6
Armour         | 3 4 6 7 |  7.0
Dodging        | 3 4 5 6 |  6.4
Axes           | 1 3 |  3.4

Action                   |  1- 3 |  4- 6 |  7- 9 || total
-------------------------+-------+-------+-------++-------
Melee: Falchion          |    90 |     5 |       ||    95
       Headbutt          |    16 |    18 |    21 ||    55
       Short sword       |       |    67 |       ||    67
       Battleaxe         |       |    16 |    48 ||    64
       Trident           |       |     7 |    76 ||    83
       Dire flail        |       |       |     5 ||     5
Throw: Boomerang         |       |       |     7 ||     7
       Stone             |       |       |     1 ||     1
Invok: Berserk           |     2 |     5 |     6 ||    13
       Trog's Hand       |       |     1 |     1 ||     2
       Brothers in Arms  |       |       |     1 ||     1
  Use: Scroll            |     2 |     1 |     1 ||     4
       Potion            |       |     1 |     7 ||     8
Armor: Animal skin       |     6 |       |       ||     6
       Ring mail         |    15 |    12 |       ||    27
       Chain mail        |       |    33 |    69 ||   102
       Skin              |       |       |    26 ||    26
Dodge: Dodged            |    49 |    38 |    83 ||   170
       Rpst.: Falchion   |    13 |     1 |       ||    14

Table legend: (Time is in decaauts)
 A = Elapsed time spent in this place.
 B = Non-inter-level travel time spent in this place.
 C = Inter-level travel time spent in this place.
 D = Time resting spent in this place.
 E = Time spent auto-exploring this place.
 F = Levels seen in this place.
 G = Mean time per level.
                   A        B        C        D        E       F      G
               +--------+--------+--------+--------+--------+-----+--------+
         Total |   8480 |   7980 |    500 |   2352 |   4622 |   6 | 1413.3 |
       Dungeon |   8480 |   7980 |    500 |   2352 |   4622 |   6 | 1413.3 |
               +--------+--------+--------+--------+--------+-----+--------+

Top non-repeatable levels by time:
     D:6: 1875 daAuts
     D:5: 1719 daAuts
     D:2: 1390 daAuts
     D:3: 1236 daAuts
     D:4: 1229 daAuts
     D:1: 1028 daAuts
